 Dungeon Crawl Stone Soup version 0.32-a0-17-gb74e046682 (webtiles) character file.

Game seed: 10010314767343017949

25989 greenreed the Warrior (level 12, -1/118 (121) HPs)
             Began as a Minotaur Berserker on Jan 15, 2024.
             Was a High Priest of Trog.
             Slain by a centaur warrior simulacrum (20 damage)
             ... on level 13 of the Dungeon.
             The game lasted 00:27:15 (13504 turns).

greenreed the Warrior (Minotaur Berserker)         Turns: 13504, Time: 00:27:26

HP:   -1/118 (121)  AC: 20    Str: 25    XL:     12   Next: 94%
MP:   11/11         EV: 15    Int:  7    God:    Trog [*****.]
Gold: 759           SH:  5    Dex: 19    Spells: 11/11 levels left

rFire   + + .        E - +0 dire flail
rCold   . . .        (shield currently unavailable)
rNeg    . . .        U - +6 chain mail "Bufaim" {Dex+3}
rPois   .            (helmet restricted)
rElec   +            (no cloak)
rCorr   .            K - +0 pair of gloves
SInv    .            x - +0 pair of boots
Will    ++...        M - amulet of reflection Stlth
                     B - ring of Ru's Approval {rElec rF+ Str-2 Int+3 Dex+6}
HPRegen 1.39/turn    u - ring of protection from fire
MPRegen 0.12/turn

%: reflection
@: strong-willed, regenerating, lightly drained
A: horns 2, retaliatory headbutt
a: Renounce Religion, Berserk, Trog's Hand, Brothers in Arms


You were on level 13 of the Dungeon.
You worshipped Trog.
Trog was extremely pleased with you.
You visited 3 branches of the dungeon, and saw 15 of its levels.

You collected 759 gold pieces.

Inventory:

Hand Weapons
 a - a +0 hand axe
 e - a +2 whip of electrocution
 C - a +0 vampiric whip
 E - a +0 dire flail (weapon)
 J - a +0 morningstar
Armour
 k - a +0 scale mail
 p - a +0 buckler
 x - a +0 pair of boots (worn)
 F - +0 swamp dragon scales
 K - a +0 pair of gloves (worn)
 U - the +6 chain mail "Bufaim" (worn) {Dex+3}
   (You found it on level 12 of the Dungeon)

   Dex+3:     It affects your dexterity (+3).
Jewellery
 f - a ring of ice
 u - a ring of protection from fire (right hand)
 B - the ring of Ru's Approval (left hand) {rElec rF+ Str-2 Int+3 Dex+6}
   (You found it on level 5 of the Dungeon)

   [ring of dexterity]

   Str-2:     It affects your strength (-2).
   Int+3:     It affects your intelligence (+3).
   Dex+6:     It affects your dexterity (+6).
   rF+:       It protects you from fire.
   rElec:     It insulates you from electricity.
 M - an amulet of reflection (around neck)
 R - a ring of magical power
Talismans
 n - a beast talisman
Wands
 v - a wand of polymorph (15)
 D - a wand of mindburst (11)
 H - a wand of digging (5)
 S - a wand of paralysis (3)
Scrolls
 b - a scroll of fog {unknown}
 c - 17 scrolls of identify {unknown}
 g - 2 scrolls of immolation
 j - 4 scrolls of amnesia {unknown}
 r - 2 scrolls of fear {unknown}
 t - 3 scrolls of teleportation {unknown}
 w - a scroll of silence {unknown}
 y - 4 scrolls of enchant weapon {unknown}
 I - a scroll of vulnerability {unknown}
 L - 2 scrolls of poison {unknown}
 P - a scroll of torment {unknown}
 Q - a scroll of revelation {unknown}
Potions
 d - 2 potions of might {unknown}
 h - 2 potions of cancellation {unknown}
 i - 3 potions of resistance {unknown}
 l - 2 potions of ambrosia {unknown}
 m - 6 potions of mutation {unknown}
 o - 2 potions of brilliance {unknown}
 q - 3 potions of curing {unknown}
 s - a potion of magic {unknown}
 z - a potion of lignification {unknown}
 A - a potion of attraction {unknown}
 G - a potion of haste {unknown}
 N - 3 potions of degeneration {unknown}
 O - 2 potions of enlightenment {unknown}
 T - 2 potions of invisibility {unknown}


   Skills:
 * Level 15.3 Fighting
 - Level 3.9(10.4) Axes
 * Level 14.8(15.0) Maces & Flails
 + Level 10.8 Armour
 + Level 10.0 Dodging
 - Level 4.2 Shields


You had 11 spell levels left.
You didn't know any spells.
Your spell library was empty.

Dungeon Overview and Level Annotations

Branches:
Dungeon (13/15)            Temple (1/1) D:4            Lair (0/5) D:9
    Orc (1/2) D:11
 Vaults: D:13-14

Altars:
Ashenzari
Cheibriados
Dithmenos
Elyvilon
Fedhas
Gozag
Hepliaklqana
Kikubaaqudgha
Makhleb
Nemelex Xobeh
Okawaru
Qazlal
Ru
Sif Muna
Trog
Uskayaw
Vehumet
Wu Jian
Xom
Yredelemnul
Zin
The Shining One

Annotations:
D:9 1 runed translucent door, zenocrate's ghost, novice VSEn


Innate Abilities, Weirdness & Mutations

You have a pair of horns on your head.
You reflexively headbutt those who attack you in melee.


Message History

You kill the six-headed hydra!
Trog accepts your kill.
The laughing skull cackles spitefully.
The bolt of negative energy hits you!
You feel drained. You block the laughing skull's attack.
You miss the laughing skull.
The centaur warrior simulacrum hits you but does no damage.
The centaur warrior simulacrum closely misses you.
The laughing skull headbutts you but does no damage.
You closely miss the laughing skull.
Your headbutt misses the laughing skull.
The centaur warrior simulacrum barely misses you.
The centaur warrior simulacrum closely misses you.
The laughing skull closely misses you.
You miss the laughing skull.
The centaur warrior simulacrum hits you.
The centaur warrior simulacrum freezes you!
You block the centaur warrior simulacrum's attack.
The laughing skull completely misses you.
You furiously retaliate!
You headbutt the laughing skull. You hit the laughing skull.
You headbutt the laughing skull.
The laughing skull is moderately damaged.
The laughing skull misses you. You furiously retaliate!
You headbutt the laughing skull. You hit the laughing skull.
Your headbutt misses the laughing skull.
The laughing skull is severely damaged.
The centaur warrior simulacrum hits you but does no damage.
The centaur warrior simulacrum kicks you.
The centaur warrior simulacrum freezes you!
* * * LOW HITPOINT WARNING * * *
Unknown command.
Your skin crawls.
You feel strong-willed. You block the laughing skull's attack.
The centaur warrior simulacrum hits you but does no damage.
The centaur warrior simulacrum kicks you.
* * * LOW HITPOINT WARNING * * *
The centaur warrior simulacrum freezes you!!
You die...

########..........#....... #.##
.......#.###......#....... #.##
.......#.# #......#....... #...
.......#.###......#....... #...
########..........'...########...
.......#################.........
..######################.##......
..#######>.......Z....##.##......
.......##.......@z....##.##......
.......##..####.####..##.##......
.......##..#...... #.##.....#
.......##..#.......# #.##.....#
.......##..#..)$$..#..##.##......
.......##..#..$[$..#..##.........
.......##..#..?$!..#..#######....
.......##..#.......#..# #...#....
...######..# ......#..# #...#.###


You could see a laughing skull and a centaur warrior simulacrum.

Vanquished Creatures
  3 hydras (D:13)
  4 centaur warriors (D:13)
  A boulder beetle (D:13)
  4 two-headed ogres
  Nergalle (D:10)
  An orc knight (D:12)
  3 cyclopes
  3 ugly things
  2 manticores
  An elephant (shapeshifter) (D:13)
  Maggie (D:6)
  2 unseen horrors
  2 gargoyles
  Jeremiah (D:6)
  2 kobold demonologists (D:12)
  5 trolls
  Grinder (D:5)
  Prince Ribbit (D:6)
  2 hornets
  Sigmund (D:2)
  3 slime creatures (D:13)
  A shadow (D:8)
  A wraith (D:11)
  A vampire (D:8)
  A basilisk (D:13)
  21 yaks
  9 vampire mosquitoes
  An acid dragon (D:13)
  A water moccasin (D:5)
  2 ice beasts
  7 orc warriors
  4 black bears
  3 sky beasts
  A laughing skull (D:13)
  2 ogres (D:12)
  6 centaurs
  7 kobold brigands
  3 bullfrogs
  A gnoll sergeant (D:6)
  3 scorpions
  7 killer bees (D:9)
  3 vampire bats (D:9)
  2 electric eels (D:9)
  5 howler monkeys
  A bombardier beetle (D:3)
  A hound (D:5)
  9 orc priests
  2 jellies (D:5)
  2 sleepcaps (D:6)
  A gnoll bouda (D:6)
  Ijyb (D:4)
  Terence (D:2)
  3 iguanas
  6 orc wizards
  Robin (D:2)
  7 adders
  12 gnolls
  A shadow imp (D:6)
  A white imp (D:7)
  4 ufetubi
  4 ribbon worms
  5 dart slugs
  34 orcs
  9 ball pythons
  4 bats
  4 bat skeletons (D:9)
  A bat zombie (D:9)
  5 endoplasms
  4 giant cockroaches
  12 goblins
  9 hobgoblins
  6 jackals
  3 quokkas
  2 frilled lizards (D:3)
  46 kobolds
  6 rats
343 creatures vanquished.

Notes
Turn   | Place    | Note
-------+----------+-------------------------------------------
     0 | D:1      | greenreed the Minotaur Berserker began the quest for the
                  | Orb.
     0 | D:1      | Reached XP level 1. HP: 19/19 MP: 0/0
   350 | D:1      | Reached XP level 2. HP: 27/27 MP: 1/1
   452 | D:1      | Reached skill level 4 in Fighting
   499 | D:1      | Reached ** piety under Trog
   504 | D:1      | Found a faded altar of an unknown god.
   601 | D:1      | Reached skill level 1 in Maces & Flails
   909 | D:2      | Noticed Terence
   922 | D:2      | Reached XP level 3. HP: 23/33 MP: 2/2
   923 | D:2      | Killed Terence
  1105 | D:2      | Reached XP level 4. HP: 29/41 MP: 3/3
  1447 | D:2      | You fall into a shaft and drop 1 floor!
  1568 | D:2      | Noticed Robin
  1597 | D:2      | Killed Robin
  1719 | D:2      | Noticed Sigmund
  1726 | D:2      | Killed Sigmund
  1727 | D:2      | Reached skill level 5 in Fighting
  1727 | D:2      | Reached XP level 5. HP: 49/49 MP: 4/4
  1727 | D:2      | Reached XP level 6. HP: 56/56 MP: 5/5
  2281 | D:3      | Identified the +4 chain mail of Exclusion {rF+ rC- Int+2}
  2912 | D:4      | Reached skill level 6 in Fighting
  2927 | D:4      | Reached skill level 1 in Shields
  2927 | D:4      | Reached XP level 7. HP: 62/63 MP: 6/6
  2968 | D:4      | Reached *** piety under Trog
  3092 | D:4      | Noticed Ijyb
  3098 | D:4      | Killed Ijyb
  3129 | D:4      | Found a staircase to the Ecumenical Temple.
  3138 | Temple   | Entered the Ecumenical Temple
  3524 | D:5      | Entered Level 5 of the Dungeon
  3530 | D:5      | Found a glowing silver altar of Zin.
  3537 | D:5      | Reached skill level 5 in Maces & Flails
  3696 | D:5      | Reached skill level 7 in Fighting
  3972 | D:5      | Noticed Grinder
  3983 | D:5      | Killed Grinder
  3984 | D:5      | Reached skill level 5 in Armour
  3984 | D:5      | Reached XP level 8. HP: 73/73 MP: 7/7
  4076 | D:5      | Identified the ring of Ru's Approval {rElec rF+ Str-2 Int+3
                  | Dex+6}
  4748 | D:6      | Noticed Jeremiah
  4759 | D:6      | Killed Jeremiah
  4760 | D:6      | Reached skill level 8 in Fighting
  4760 | D:6      | Reached skill level 5 in Dodging
  5052 | D:6      | Noticed Prince Ribbit
  5078 | D:6      | Killed Prince Ribbit
  5079 | D:6      | Reached XP level 9. HP: 72/82 MP: 8/8
  5468 | D:6      | Reached skill level 9 in Fighting
  5752 | D:6      | Noticed Maggie
  5763 | D:6      | Killed Maggie
  5763 | D:6      | Reached **** piety under Trog
  6671 | D:7      | Reached skill level 10 in Fighting
  7080 | D:8      | Reached XP level 10. HP: 79/94 MP: 9/9
  7213 | D:8      | Found an opulent altar of Gozag.
  7339 | D:8      | Found a basalt altar of Yredelemnul.
  7543 | D:8      | Noticed a two-headed ogre
  7551 | D:8      | Killed a two-headed ogre
  7552 | D:8      | Reached skill level 10 in Maces & Flails
  7606 | D:8      | Found an iron altar of Okawaru.
  8150 | D:8      | Reached skill level 11 in Fighting
  8367 | D:9      | Reached ***** piety under Trog
  8382 | D:9      | Found a runed translucent door.
  8387 | D:9      | Found a shimmering altar of Xom.
  8387 | D:9      | Noticed zenocrate's ghost (novice VSEn)
  8389 | D:9      | Noticed a +1 long sword of chaos
  8399 | D:9      | Found a staircase to the Lair.
  8633 | D:9      | Found a stormy altar of Qazlal.
  8861 | D:9      | Noticed a manticore
  8876 | D:9      | Killed a manticore
  9021 | D:9      | Found an ornate altar of the Wu Jian Council.
  9141 | D:9      | Found an ancient bone altar of Kikubaaqudgha.
  9198 | D:10     | Entered Level 10 of the Dungeon
  9200 | D:10     | Noticed Nergalle
  9219 | D:10     | Killed Nergalle
  9401 | D:10     | Reached skill level 12 in Fighting
  9409 | D:10     | Reached XP level 11. HP: 70/104 MP: 10/10
 10426 | D:11     | Reached skill level 13 in Fighting
 10598 | D:11     | Found a staircase to the Orcish Mines.
 10639 | D:11     | Received a gift from Trog
 11092 | Orc:1    | Entered Level 1 of the Orcish Mines
 11352 | D:12     | Noticed a two-headed ogre
 11359 | D:12     | Killed a two-headed ogre
 11542 | D:12     | Noticed an orc knight
 11584 | D:12     | Killed an orc knight
 11607 | D:12     | Reached XP level 12. HP: 61/116 MP: 11/11
 12037 | D:12     | Noticed a two-headed ogre
 12055 | D:12     | Killed a two-headed ogre
 12300 | D:12     | Found a sacrificial altar of Ru.
 12359 | D:12     | Identified the +6 chain mail "Bufaim" {Dex+3}
 12420 | D:12     | Reached skill level 14 in Fighting
 12749 | D:13     | Noticed a centaur warrior
 12756 | D:13     | Killed a centaur warrior
 12822 | D:13     | Noticed a centaur warrior
 12842 | D:13     | Killed a centaur warrior
 12843 | D:13     | Reached skill level 10 in Armour
 12916 | D:13     | Noticed a five-headed hydra
 12927 | D:13     | Killed a five-headed hydra
 13008 | D:13     | Noticed a two-headed ogre
 13015 | D:13     | Killed a two-headed ogre
 13027 | D:13     | Noticed a centaur warrior
 13034 | D:13     | Killed a centaur warrior
 13087 | D:13     | Reached skill level 15 in Fighting
 13447 | D:13     | Noticed a boulder beetle
 13464 | D:13     | Killed a boulder beetle
 13464 | D:13     | Noticed a centaur warrior
 13465 | D:13     | Noticed a six-headed hydra
 13474 | D:13     | Killed a six-headed hydra
 13477 | D:13     | Killed a centaur warrior
 13478 | D:13     | Reached skill level 10 in Dodging
 13488 | D:13     | Noticed a six-headed hydra
 13495 | D:13     | Killed a six-headed hydra
 13504 | D:13     | Slain by a centaur warrior simulacrum

Illustrated notes

Levels and vault maps discovered:
D:1:      onia_arrival_mini_spirals, layout_basic,
          hellmonk_ecumenical_altar_blasted
D:2:      layout_basic, guppyfry_early_lair_pool, uniq_robin, uniq_sigmund,
          uniq_terence
D:3:      layout_basic
D:4:      layout_cave_pools, lemuel_temple_firewalk_b, dk_noncrumbling_3,
          uniq_ijyb
D:5:      kennysheep_kobold_camp, layout_cave_pods,
          nicolae_overflow_crystal_walls, uniq_grinder
D:6:      layout_basic, uniq_jeremiah, uniq_prince_ribbit1, uniq_maggie
D:7:      layout_basic
D:8:      layout_layer_cave, grunt_gozag_breadcrumbs,
          mainiacjoe_overflow_alcove_4, mainiacjoe_overflow_cross_hatched
D:9:      layout_big_octagon, kennysheep_vampire_church,
          nicolae_qazlal_general_emergency, nzn_wu_jian_council_hall,
          ebering_ghost_xom
D:10:     layout_cave_pools, uniq_nergalle
D:11:     layout_grid_maze, orc_0_dummy
D:12:     layout_long_grid, special_room [special_room_orc],
          nicolae_ru_awakened_eye
D:13:     cheibrodos_elevator_heist, layout_stronghold,
          portal_ice_cave_demonic_guard, minmay_shattered_shrine
Temple:   hellmonk_temple_two_chambers
Orc:1:    minmay_goldmine, layout_diamond_mine, nicolae_orc_flooded_monolith,
          kennysheep_orc_chapel

Skill      XL: |  1  2  3  4  5  6  7  8  9 10 11 12 |
---------------+-------------------------------------+-----
Fighting       | 4 5 6 7 8 10 12 13 15 | 15.3
Maces & Flails | 1 2 3 4 6 7 9 11 13 14 | 14.8
Armour         | 3 4 5 6 7 8 9 10 | 10.8
Dodging        | 3 4 5 6 7 8 10 | 10.0
Shields        | 1 2 4 |  4.2
Axes           | |  3.9

Action                     |  1- 3 |  4- 6 |  7- 9 | 10-12 || total
---------------------------+-------+-------+-------+-------++-------
  Melee: Hand axe          |    18 |       |       |       ||    18
         Headbutt          |     5 |    14 |    75 |   129 ||   223
         Whip              |    36 |   110 |   203 |       ||   349
         Punch             |       |     1 |       |       ||     1
         Dire flail        |       |       |   142 |   577 ||   719
 Invoke: Berserk           |     1 |     2 |     2 |     5 ||    10
         Trog's Hand       |       |     1 |     1 |     7 ||     9
   Stab: Sleeping          |     2 |       |       |       ||     2
 Armour: Animal skin       |    24 |       |       |       ||    24
         Scale mail        |     6 |    55 |       |       ||    61
         Chain mail        |       |    17 |   190 |   491 ||   698
  Dodge: Dodged            |    29 |    52 |   114 |   304 ||   499
  Block: Buckler           |       |     2 |    28 |       ||    30
         Other             |       |       |       |    32 ||    32
         Reflection        |       |       |       |    10 ||    10

Table legend: (Time is in decaauts)
 A = Elapsed time spent in this place.
 B = Non-inter-level travel time spent in this place.
 C = Inter-level travel time spent in this place.
 D = Time resting spent in this place.
 E = Time spent auto-exploring this place.
 F = Levels seen in this place.
 G = Mean time per level.
                   A        B        C        D        E       F      G
               +--------+--------+--------+--------+--------+-----+--------+
         Total |  13356 |  12560 |    796 |    437 |   9928 |  15 |  890.4 |
       Dungeon |  13353 |  12557 |    796 |    437 |   9928 |  13 | 1027.2 |
        Temple |      1 |      1 |      0 |      0 |      0 |   1 |    1.0 |
  Orcish Mines |      1 |      1 |      0 |      0 |      0 |   1 |    1.0 |
               +--------+--------+--------+--------+--------+-----+--------+

Top non-repeatable levels by time:
    D:12: 1651 daAuts
     D:6: 1506 daAuts
     D:8: 1300 daAuts
     D:5: 1209 daAuts
     D:2: 1110 daAuts
    D:11: 951 daAuts
     D:9: 911 daAuts
    D:10: 892 daAuts
     D:3: 889 daAuts
     D:1: 838 daAuts
     D:7: 760 daAuts
     D:4: 690 daAuts
    D:13: 639 daAuts
   Orc:1: 1 daAuts
  Temple: 1 daAuts
